 Dungeon Crawl Stone Soup version 0.23-a0-663-g304f35b (webtiles) character file.

186 Blackhawk the Poker (level 5, -1/43 HPs)
             Began as a Merfolk Monk on Jan 7, 2019.
             Was a Believer of Qazlal.
             Slain by an orc
             ... wielding a +0 short sword
              (5 damage)
             ... on level 2 of the Dungeon.
             The game lasted 00:02:54 (1989 turns).

Blackhawk the Poker (Merfolk Monk)                  Turns: 1989, Time: 00:02:55

Health: -1/43      AC:  2    Str: 13    XL:     5   Next: 66%
Magic:  5/5        EV: 15    Int:  9    God:    Qazlal [**....]
Gold:   101        SH:  2    Dex: 16    Spells: 4/4 levels left

rFire    . . .     SeeInvis .   a - +0 spear
rCold    . . .     Gourm    .   (no shield)
rNeg     . . .     Faith    .   b - +0 robe
rPois    .         Spirit   .   (no helmet)
rElec    .         Reflect  .   (no cloak)
rCorr    .         Harm     .   (no gloves)
MR       .....                  (no boots)
Stlth    ++........             l - amulet of the acrobat
HPRegen  0.14/turn              (no ring)
MPRegen  0.09/turn              (no ring)

@: no status effects
A: change form in water, swift swim, stealthy swim
a: Upheaval, Renounce Religion


You were on level 2 of the Dungeon.
You worshipped Qazlal.
Qazlal was pleased with you.
You were hungry.

You visited 1 branch of the dungeon, and saw 2 of its levels.

You collected 101 gold pieces.

Inventory:

Hand Weapons
 a - a +0 spear (weapon)
Armour
 b - a +0 robe (worn)
Jewellery
 l - an amulet of the acrobat (around neck)
Scrolls
 d - 3 scrolls of immolation {unknown}
 e - a scroll of amnesia {unknown}
 h - a scroll of noise {unknown}
 j - 2 scrolls of teleportation {unknown}
 k - 3 scrolls of identify {unknown}
 n - a scroll of remove curse {unknown}
Potions
 g - a potion of cancellation {unknown}
 i - a potion of might {unknown}
 m - a potion of flight {unknown}
Comestibles
 c - 3 rations
 f - a chunk of flesh


   Skills:
 + Level 4.4 Fighting
 + Level 5.8 Polearms
 + Level 1.0 Armour
 + Level 5.3 Dodging
 - Level 3.2 Stealth


You had 4 spell levels left.
You didn't know any spells.
Your spell library was empty.

Dungeon Overview and Level Annotations

Branches:
Dungeon (2/15)

Altars:
Fedhas
Gozag
Kikubaaqudgha
Makhleb
Qazlal
Xom


Message History

Terence is almost dead.
Terence hits you with a +0 falchion.
* * * LOW HITPOINT WARNING * * *
You barely miss Terence.
Terence is almost dead.
Terence closely misses you.
You barely miss Terence.
Terence is almost dead.
Terence hits you with a +0 falchion.
* * * LOW HITPOINT WARNING * * *
You hit Terence.
You kill Terence!
Qazlal accepts your kill.
Your Armour skill increases to level 1!
You hit the orc.
The orc is moderately wounded.
You barely miss the orc.
The orc is moderately wounded.
The orc hits you with a +0 short sword.
You die...

.%. #.# #.#
#.########
#.#.......
#.#.......
#o#.......
######@#.......
#......○........
#.........######
#.....<...#
##########.........#
........##.........#
#######.##.........#
#.##.........#
#..#.........#


You could see an orc.

Vanquished Creatures
  3 vampire bats (D:2)
  Terence (D:2)
  A dart slug (D:2)
  2 leopard geckos
  3 orcs (D:2)
  2 bat skeletons (D:2)
  4 bat zombies (D:2)
  A giant cockroach (D:2)
  6 goblins
  3 hobgoblins
  2 jackals (D:1)
  A quokka (D:2)
  A bat (D:1)
  4 frilled lizards
  3 kobolds (D:2)
  4 rats
41 creatures vanquished.

Notes
Turn   | Place    | Note
-------+----------+-------------------------------------------
     0 | D:1      | Blackhawk the Merfolk Monk began the quest for the Orb.
     0 | D:1      | Reached XP level 1. HP: 18/18 MP: 1/1
   208 | D:1      | Reached XP level 2. HP: 24/24 MP: 2/2
   448 | D:1      | Found a radiant altar of Vehumet.
   450 | D:1      | Found an opulent altar of Gozag.
   450 | D:1      | Found a shimmering altar of Xom.
   452 | D:1      | Found a burning altar of Makhleb.
   452 | D:1      | Found a shimmering altar of Xom.
   452 | D:1      | Found a blossoming altar of Fedhas.
  1096 | D:2      | Reached XP level 3. HP: 29/29 MP: 3/3
  1175 | D:2      | Found a stormy altar of Qazlal.
  1419 | D:2      | Found an ancient bone altar of Kikubaaqudgha.
  1462 | D:2      | Reached skill level 5 in Polearms
  1462 | D:2      | Reached XP level 4. HP: 10/37 MP: 4/4
  1705 | D:2      | Reached skill level 5 in Dodging
  1729 | D:2      | Reached XP level 5. HP: 32/42 MP: 5/5
  1854 | D:2      | Became a worshipper of Qazlal Stormbringer
  1854 | D:2      | Reached * piety under Qazlal
  1854 | D:2      | Reached ** piety under Qazlal
  1945 | D:2      | Noticed Terence
  1987 | D:2      | Killed Terence
  1987 | D:2      | Reached skill level 1 in Armour
  1989 | D:2      | Slain by an orc

Vault maps used:
D:1:      mrwooster_arrival_statue, grunt_decor_resistance, doesnt_xom_only_xom
D:2:      nicolae_qazlal_eye_of_the_storm, kennysheep_vampire_church,
          first_ration, uniq_terence

Skill      XL: |  1  2  3  4  5 |
---------------+----------------+-----
Fighting       | 4 |  4.4
Polearms       | 5 |  5.8
Stealth        | 3 |  3.2
Dodging        | 5 |  5.3
Armour         | 1 |  1.0

Action                   |  1- 3 |  4- 6 || total
-------------------------+-------+-------++-------
Melee: Spear             |   122 |    83 ||   205
 Stab: Sleeping          |    12 |       ||    12
  Eat: Chunk             |     2 |     1 ||     3
Armor: Robe              |    16 |     5 ||    21
Dodge: Dodged            |   125 |    42 ||   167
Block: Other             |       |     4 ||     4

Table legend:
 A = Non-vault XP
 B = Vault XP
 C = Vault XP percentage of total XP
 D = Non-vault monster count
 E = Vault monster count
 F = Vault count percentage of total count
                 A         B        C        D         E       F
            +---------+---------+-------+---------+---------+-------
      Total |      56 |     211 |  79.0 |      31 |      10 |  24.4
            +---------+---------+-------+---------+---------+-------
        D:1 |      28 |       0 |   0.0 |      17 |       0 |   0.0
        D:2 |      28 |     211 |  88.3 |      14 |      10 |  41.7
            +---------+---------+-------+---------+---------+-------
